 Dungeon Crawl Stone Soup version 0.23.2-1-ga50397a6bc (webtiles) character file.

Game seed: 17673582793524814931

78 Mrkan the Skirmisher (level 4, -2/29 HPs)
             Began as a Gargoyle Fighter on May 19, 2019.
             Killed by nerve-wracking pain
             ... invoked by Jessica
              (4 damage)
             ... on level 2 of the Dungeon.
             The game lasted 00:01:45 (953 turns).

Mrkan the Skirmisher (Gargoyle Fighter)              Turns: 953, Time: 00:01:46

Health: -2/29      AC: 10    Str: 20    XL:     4   Next: 36%
Magic:  4/4        EV:  7    Int:  9    God:
Gold:   61         SH:  9    Dex:  9    Spells: 3/3 levels left

rFire    . . .     SeeInvis .   a - +0 flail
rCold    . . .     Gourm    .   c - +0 shield
rNeg     + . .     Faith    .   b - +0 scale mail
rPois    ∞         Spirit   .   (no helmet)
rElec    +         Reflect  .   (no cloak)
rCorr    .         Harm     .   (no gloves)
MR       .....                  (no boots)
Stlth    ..........             (no amulet)
HPRegen  0.09/turn              (no ring)
MPRegen  0.09/turn              (no ring)

@: no status effects
A: negative energy resistance 1, electricity resistance, unbreathing,
petrification resistance, rot immunity, AC +3
a: no special abilities


You were on level 2 of the Dungeon.
You were hungry.

You visited 1 branch of the dungeon, and saw 2 of its levels.

You collected 61 gold pieces.

Inventory:

Hand Weapons
 a - a +0 flail (weapon)
Armour
 b - a +0 scale mail (worn)
 c - a +0 shield (worn)
Scrolls
 h - a scroll of noise {unknown}
 i - 3 scrolls of identify {unknown}
Potions
 e - a potion of cancellation {unknown}
 g - a potion of flight {unknown}
 j - a potion of resistance {unknown}
Comestibles
 f - 2 rations


   Skills:
 + Level 4.1 Fighting
 * Level 3.8 Maces & Flails
 - Level 3.2 Armour
 - Level 3.2 Shields


You had 3 spell levels left.
You didn't know any spells.
Your spell library was empty.

Dungeon Overview and Level Annotations

Branches:
Dungeon (2/15)

Altars:

Annotations:
D:2 Jessica


Innate Abilities, Weirdness & Mutations

You are resistant to torment.
Your stone body is resilient. (AC +3)
You are immune to poison.
You resist negative energy. (rN+)
You are resistant to electric shocks. (rElec)
You can survive without breathing.
You are immune to petrification.
You are immune to rotting.


Message History

a +0 whip; a +0 animal skin; a +0 helmet You feel a little less mighty now.
Jessica the Apprentice Sorceress comes into view.
She is wielding a +0 club and wearing a +0 robe of magic resistance.
Jessica is nearby!
Jessica points at you and mumbles some strange words.
Pain shoots through your body!
* * * LOW HITPOINT WARNING * * *
Jessica points at you and mumbles some strange words.
Pain shoots through your body!
* * * LOW HITPOINT WARNING * * *
Jessica hits you but does no damage.
You hit Jessica.
Jessica is severely wounded.
Jessica hits you but does no damage.
You closely miss Jessica.
Jessica is severely wounded.
You block Jessica's attack. Jessica gestures at you while chanting.
Pain shoots through your body!
You die...

###### ####
#############....# .....
......@@......##.# .....
############..##.##.....
#..#)........ ##
#....#.......
...###.#.##.#.....
.........##.......
..................
.....##.##..#.....
........()..'.....


You could see Jessica.

Vanquished Creatures
  Robin (D:2)
  2 adders (D:2)
  2 leopard geckos
  A giant cockroach (D:1)
  13 goblins
  6 hobgoblins
  2 quokkas (D:2)
  4 bats (D:1)
  2 frilled lizards (D:1)
  5 kobolds
  6 rats
44 creatures vanquished.

Notes
Turn   | Place    | Note
-------+----------+-------------------------------------------
     0 | D:1      | Mrkan the Gargoyle Fighter began the quest for the Orb.
     0 | D:1      | Reached XP level 1. HP: 14/14 MP: 1/1
    90 | D:1      | Reached XP level 2. HP: 17/19 MP: 2/2
   779 | D:2      | Reached XP level 3. HP: 20/24 MP: 3/3
   842 | D:2      | Found a faded altar of an unknown god.
   856 | D:2      | Noticed Robin
   874 | D:2      | Killed Robin
   893 | D:2      | Reached skill level 4 in Fighting
   903 | D:2      | Reached XP level 4. HP: 9/29 MP: 4/4
   947 | D:2      | Noticed Jessica
   953 | D:2      | Killed from afar by Jessica

Skill      XL: |  1  2  3 |
---------------+----------+-----
Maces & Flails | 3 |  3.8
Fighting       | 4 |  4.1
Armour         | |  3.2
Shields        | |  3.2

Action                   |  1- 3 |  4- 6 || total
-------------------------+-------+-------++-------
Melee: Flail             |   135 |    17 ||   152
  Use: Potion            |     1 |       ||     1
Armor: Scale mail        |   113 |     6 ||   119
Dodge: Dodged            |    58 |     2 ||    60
Block: Shield            |   100 |     7 ||   107
